 Dungeon Crawl Stone Soup version 0.29-a0-997-gf6f7e2dfe7 (webtiles) character file.

Game seed: 2617818101576819471

62 IdlyInterested the Poker (level 3, 0/29 HPs)
             Began as a Demonspawn Fighter on Aug 4, 2022.
             Slain by Sigmund
             ... wielding a +0 scythe
              (3 damage)
             ... on level 2 of the Dungeon.
             The game lasted 00:02:59 (2227 turns).

IdlyInterested the Poker (Demonspawn Fighter)       Turns: 2227, Time: 00:03:00

Health: 0/29       AC:  8    Str: 18    XL:     3   Next: 85%
Magic:  3/3        EV:  9    Int:  9    God:
Gold:   25         SH:  4    Dex: 12    Spells: 2/2 levels left

rFire   . . .      SeeInvis .   a - +0 trident
rCold   . . .      Faith    .   c - +0 buckler
rNeg    . . .      Spirit   .   b - +0 scale mail
rPois   .          Reflect  .   l - +1 helmet
rElec   .          Harm     .   (no cloak)
rCorr   .          Rampage  .   (no gloves)
Will    .....                   (no boots)
Stlth   ..........              (no amulet)
HPRegen 0.09/turn               (no ring)
MPRegen 0.08/turn               (no ring)

@: mighty
A: claws 1, condensation shield
a: no special abilities


You were on level 2 of the Dungeon.
You visited 1 branch of the dungeon, and saw 2 of its levels.

You collected 25 gold pieces.

Inventory:

Hand Weapons
 a - a +0 trident (weapon)
Missiles
 i - 5 poisoned darts (quivered)
Armour
 b - a +0 scale mail (worn)
 c - a +0 buckler (worn)
 l - a +1 helmet (worn)
Jewellery
 q - a ring of willpower
Scrolls
 f - 3 scrolls of fog {unknown}
 h - a scroll of acquirement {unknown}
 m - a scroll of enchant weapon {unknown}
 o - a scroll of vulnerability {unknown}
 p - a scroll of teleportation {unknown}
Potions
 e - a potion of cancellation {unknown}
 g - a potion of berserk rage {unknown}
 j - a potion of curing {unknown}
 k - a potion of haste {unknown}
 n - a potion of lignification {unknown}


   Skills:
 - Level 3.0 Fighting
 * Level 3.3 Polearms
 - Level 1.0 Throwing
 - Level 2.6 Armour
 + Level 0.4 Stealth
 - Level 2.6 Shields
 - Level 1.0 Evocations


You had 2 spell levels left.
You didn't know any spells.
Your spell library contained the following spells:

 Spells                   Type           Power      Damage    Failure   Level
 Necrotise                Necr           0%         1d4       86%         1
 Vampiric Draining        Necr           0%         2d6       99%         3
 Agony                    Necr           0%         N/A       100%        5


Dungeon Overview and Level Annotations

Branches:
Dungeon (2/15)

Altars:

Annotations:
D:2 Sigmund


Innate Abilities, Weirdness & Mutations

You have sharp fingernails.
A meltable shield of frost defends you. (SH +0)


Message History

Found a stone staircase leading down.
Sigmund closely misses you.
You hit Sigmund.
Sigmund is moderately wounded.
Sigmund casts a spell at you. The magic dart hits you.
You completely miss Sigmund.
Sigmund is moderately wounded.
You block Sigmund's attack.
You closely miss Sigmund.
Sigmund is lightly wounded.
Sigmund hits you but does no damage.
You barely miss Sigmund.
Sigmund is lightly wounded.
You hit Sigmund but do no damage.
Sigmund is lightly wounded.
Sigmund barely misses you.
You feel very mighty all of a sudden. Sigmund hits you with a +0 scythe.
You barely miss Sigmund.
Sigmund is lightly wounded.
You hit Sigmund.
Sigmund is moderately wounded.
You block Sigmund's attack.
You closely miss Sigmund.
Sigmund is moderately wounded.
Sigmund closely misses you.
You hit Sigmund.
Sigmund is severely wounded.
Sigmund hits you with a +0 scythe!
You completely miss Sigmund.
Sigmund is severely wounded.
Sigmund points at you and mumbles some strange words.
The puff of flame hits you!
Your condensation shield dissipates!
* * * LOW HITPOINT WARNING * * *
You barely miss Sigmund.
Sigmund is severely wounded.
Sigmund screams, "Die, monster!"
Sigmund hits you with a +0 scythe.
You die...

.....##.###..
#######.....#
##
##.......#####
#.###..#####.#
#.....## #.##
##....# #..#
##..##.######.#
#..###...†..#.#
#@## ######...#
...>.r@.# ##..#
......### ####
...... .....
..... ####


You could see Sigmund and a quokka.

Vanquished Creatures
  3 adders (D:2)
  A worm (D:2)
  A dart slug (D:1)
  3 bats
  2 endoplasms
  3 goblins
  6 hobgoblins
  A quokka (D:2)
  3 ball pythons (D:1)
  2 frilled lizards
  A kobold (D:2)
  3 rats
29 creatures vanquished.

Vanquished Creatures (others)
  A fungus (D:2)
1 creature vanquished.

Grand Total: 30 creatures vanquished

Notes
Turn   | Place    | Note
-------+----------+-------------------------------------------
     0 | D:1      | IdlyInterested the Demonspawn Fighter began the quest for
                  | the Orb.
     0 | D:1      | Reached XP level 1. HP: 18/18 MP: 1/1
   383 | D:1      | Gained mutation: A meltable shield of frost defends you.
                  | (SH +0) [demonic ancestry]
   383 | D:1      | Reached XP level 2. HP: 17/24 MP: 2/2
  1447 | D:2      | Reached skill level 1 in Throwing
  1635 | D:2      | Gained mutation: You have sharp fingernails. [demonic
                  | ancestry]
  1635 | D:2      | Reached XP level 3. HP: 16/29 MP: 3/3
  1942 | D:2      | Reached skill level 1 in Evocations
  2212 | D:2      | Noticed Sigmund
  2227 | D:2      | Slain by Sigmund

Illustrated notes

Levels and vault maps discovered:
D:1:      evilmike_arrival_fibonacci_small, layout_basic, serial_corexii_hall,
          chequers_hall_statues_wall_a, corexii_hall_statues_l,
          chequers_hall_statues_y
D:2:      layout_rooms, dreamdust_ecumenical_altar_hidden_monk_grotto,
          uniq_sigmund

Skill      XL: |  1  2  3 |
---------------+----------+-----
Polearms       | 2 3 |  3.3
Throwing       | 1 |  1.0
Evocations     | 1 |  1.0
Fighting       | |  3.0
Armour         | |  2.6
Stealth        | |  0.4
Shields        | |  2.6

Action                   || total
-------------------------++-------
Melee: Trident           ||   136
  Use: Potion            ||     1
Armor: Scale mail        ||    52
Dodge: Dodged            ||    50
Block: Buckler           ||    47

Table legend: (Time is in decaauts)
 A = Elapsed time spent in this place.
 B = Non-inter-level travel time spent in this place.
 C = Inter-level travel time spent in this place.
 D = Time resting spent in this place.
 E = Time spent auto-exploring this place.
 F = Levels seen in this place.
 G = Mean time per level.
                   A        B        C        D        E       F      G
               +--------+--------+--------+--------+--------+-----+--------+
         Total |   2255 |   2056 |    199 |    749 |    985 |   2 | 1127.5 |
       Dungeon |   2255 |   2056 |    199 |    749 |    985 |   2 | 1127.5 |
               +--------+--------+--------+--------+--------+-----+--------+

Top non-repeatable levels by time:
     D:1: 1828 daAuts
     D:2: 426 daAuts
